3AAA
HIALEAH DODOS @ SCRANTON SUPERNOVAS
08/20/2026
 
TOP OF THE 1ST
Hialeah Dodos batting - Pitching for Scranton Supernovas : LHP Raúl Melro
Pitching: LHP Raúl Melro
Batting: RHB Jorge Salgado 0-0: Called Strike
0-1: Swinging Strike
0-2: Ball
1-2: Ball
2-2: Reached on error, E3 (Groundball, 3)
Batting: RHB Armando García 0-0: Foul Ball, location: 2F
0-1: Ball
1-1: Called Strike
1-2: Ball
2-2: Ball
3-2: Foul Ball, location: 2F
3-2: Foul Ball, location: 2F
3-2: Base on Balls
Jorge Salgado to second
Batting: LHB Dong-hee Chon 0-0: Ball
1-0: Foul Ball, location: 2F
1-1: Foul Ball, location: 2F
1-2: Strikes out swinging
Batting: LHB Álex Burgos 0-0: Ball
1-0: Foul Ball, location: 2F
1-1: Called Strike
1-2: Strikes out swinging
Batting: SHB Javier Gonzáles 0-0: Fly out, F8 (Flyball, 8LM)
Top of the 1st over - 0 run(s), 0 hit(s), 1 error(s), 2 left on base; Hialeah 0 - Scranton 0
BOTTOM OF THE 1ST
Scranton Supernovas batting - Pitching for Hialeah Dodos : RHP Cisco Ortíz
Pitching: RHP Cisco Ortíz
Batting: RHB Keith MacKey 0-0: Bunt for hit - play at first, batter OUT! 5-3
Batting: LHB Francisco Ortega 0-0: Ball
1-0: SINGLE (Groundball, 4MD)
Batting: RHB John Schnatter 0-0: Ball
1-0: Grounds into double play, 6-4-3 (Groundball, 6)
Bottom of the 1st over - 0 run(s), 1 hit(s), 0 error(s), 0 left on base; Hialeah 0 - Scranton 0
TOP OF THE 2ND
Hialeah Dodos batting - Pitching for Scranton Supernovas : LHP Raúl Melro
Batting: LHB Errol Levick 0-0: Foul Ball, location: 2F
0-1: Ball
1-1: Swinging Strike
1-2: Foul Ball, location: 2F
1-2: Ball
2-2: Ball
3-2: Base on Balls
Batting: SHB Luis Manuel Flores 0-0: Ball
1-0: Foul Ball, location: 2F
1-1: Ball
2-1: Ball
3-1: Base on Balls
Errol Levick to second
Batting: RHB Wilson Pérez 0-0: Called Strike
0-1: Ball
1-1: Swinging Strike
1-2: Ball
2-2: Strikes out swinging
Batting: RHB Daniel Ruíz 0-0: Swinging Strike
0-1: Ball
1-1: Grounds into double play, 6-4-3 (Groundball, 6)
Top of the 2nd over - 0 run(s), 0 hit(s), 0 error(s), 1 left on base; Hialeah 0 - Scranton 0
BOTTOM OF THE 2ND
Scranton Supernovas batting - Pitching for Hialeah Dodos : RHP Cisco Ortíz
Batting: RHB Nobuhiko Nakayama 0-0: Called Strike
0-1: Ball
1-1: Foul Ball, location: 2F
1-2: Ground out 6-3 (Groundball, 6M)
Batting: RHB Pedro Rivera 0-0: Ball
1-0: Ball
2-0: Called Strike
2-1: Called Strike
2-2: Reached on error, E6 (Groundball, 6)
Batting: SHB Alonso Solís 0-0: Ball
1-0: Foul Ball, location: 2F
1-1: Foul Ball, location: 2F
1-2: Ball
Wild Pitch!
Pedro Rivera to second
2-2: Fly out, F6 (Line Drive, 6)
Batting: LHB Phillip Tinker 0-0: Ball
1-0: Ball
2-0: Foul Ball, location: 2F
2-1: Ball
Wild Pitch!
Pedro Rivera to third
3-1: Base on Balls
Batting: RHB Xavier Águila 0-0: Ball
1-0: Ball
2-0: Called Strike
2-1: SINGLE (Groundball, 34D)
Pedro Rivera scores
Phillip Tinker to second
Runner from 2nd tries for 3rd, SAFE, throw made to third
Batting: LHB José Cordero 0-0: Called Strike
0-1: Foul Ball, location: 2F
0-2: Ball
Passed Ball!
Phillip Tinker scores
Xavier Águila to second
1-2: Foul Ball, location: 2F
1-2: Ball
2-2: Fly out, F6 (Line Drive, 6)
Bottom of the 2nd over - 2 run(s), 1 hit(s), 1 error(s), 1 left on base; Hialeah 0 - Scranton 2
TOP OF THE 3RD
Hialeah Dodos batting - Pitching for Scranton Supernovas : LHP Raúl Melro
Batting: RHB Jorge Salgado 0-0: Fly out, F8 (Line Drive, 78M)
Batting: RHB Armando García 0-0: Swinging Strike
0-1: Swinging Strike
0-2: Ball
1-2: Ball
2-2: Strikes out swinging
Batting: LHB Dong-hee Chon 0-0: Ball
1-0: Ball
2-0: Called Strike
2-1: Ball
3-1: Fly out, F8 (Flyball, 8RM)
Top of the 3rd over - 0 run(s), 0 hit(s), 0 error(s), 0 left on base; Hialeah 0 - Scranton 2
BOTTOM OF THE 3RD
Scranton Supernovas batting - Pitching for Hialeah Dodos : RHP Cisco Ortíz
Batting: RHB Keith MacKey 0-0: Called Strike
0-1: Swinging Strike
0-2: Ball
1-2: Fly out, F8 (Flyball, 8RM)
Batting: LHB Francisco Ortega 0-0: Called Strike
0-1: Fly out, F7 (Flyball, 7S)
Batting: RHB John Schnatter 0-0: Ball
1-0: Foul Ball, location: 2F
1-1: Called Strike
1-2: Ball
2-2: SOLO HOME RUN (Flyball, 7LD), Distance : 349 ft
Batting: RHB Nobuhiko Nakayama 0-0: Called Strike
0-1: Ball
1-1: Fly out, F7 (Flyball, 78M)
Bottom of the 3rd over - 1 run(s), 1 hit(s), 0 error(s), 0 left on base; Hialeah 0 - Scranton 3
TOP OF THE 4TH
Hialeah Dodos batting - Pitching for Scranton Supernovas : LHP Raúl Melro
Batting: LHB Álex Burgos 0-0: Ball
1-0: Swinging Strike
1-1: Ground out U3 (Groundball, 3)
Batting: SHB Javier Gonzáles 0-0: Called Strike
0-1: Ball
1-1: Ground out 4-3 (Groundball, 4)
Batting: LHB Errol Levick 0-0: Ball
1-0: Ball
2-0: Ground out 4-3 (Groundball, 34D)
Top of the 4th over - 0 run(s), 0 hit(s), 0 error(s), 0 left on base; Hialeah 0 - Scranton 3
BOTTOM OF THE 4TH
Scranton Supernovas batting - Pitching for Hialeah Dodos : RHP Cisco Ortíz
Batting: RHB Pedro Rivera 0-0: Called Strike
0-1: Swinging Strike
0-2: Foul Ball, location: 2F
0-2: Strikes out swinging
Batting: SHB Alonso Solís 0-0: Fly out, F6 (Line Drive, 6)
Batting: LHB Phillip Tinker 0-0: Ball
1-0: DOUBLE (Groundball, 5L)
Batting: RHB Xavier Águila 0-0: Ball
1-0: Ball
2-0: Called Strike
2-1: Foul Ball, location: 2F
2-2: SINGLE (Groundball, 6MD)
Phillip Tinker to third
Runner from 3rd tries for Home, SAFE, no throw
Batting: LHB José Cordero 0-0: Foul Ball, location: 2F
0-1: Ball
1-1: Foul Ball, location: 2F
1-2: Strikes out swinging
Bottom of the 4th over - 1 run(s), 2 hit(s), 0 error(s), 1 left on base; Hialeah 0 - Scranton 4
TOP OF THE 5TH
Hialeah Dodos batting - Pitching for Scranton Supernovas : LHP Raúl Melro
Batting: SHB Luis Manuel Flores 0-0: Ball
1-0: Called Strike
1-1: Ball
2-1: Foul Ball, location: 2F
2-2: Ball
3-2: Base on Balls
Batting: RHB Wilson Pérez 0-0: Called Strike
0-1: Called Strike
0-2: Grounds into double play, 4-6-3 (Groundball, 4)
Batting: RHB Daniel Ruíz 0-0: Ball
1-0: Ball
2-0: Called Strike
2-1: Ball
3-1: Base on Balls
Batting: RHB Jorge Salgado 0-0: Called Strike
0-1: Ball
1-1: Called Strike
1-2: Ball
Daniel Ruíz steals 2nd base
2-2: Ball
3-2: Ground out 6-3 (Groundball, 56)
Top of the 5th over - 0 run(s), 0 hit(s), 0 error(s), 1 left on base; Hialeah 0 - Scranton 4
BOTTOM OF THE 5TH
Scranton Supernovas batting - Pitching for Hialeah Dodos : RHP Cisco Ortíz
Batting: RHB Keith MacKey 0-0: Called Strike
0-1: Ball
1-1: Ball
2-1: Swinging Strike
2-2: Fly out, F3 (Popup, 34D)
Batting: LHB Francisco Ortega 0-0: Fly out, F7 (Flyball, 7S)
Batting: RHB John Schnatter 0-0: Called Strike
0-1: Swinging Strike
0-2: Hit by Pitch
Batting: RHB Nobuhiko Nakayama 0-0: Ball
1-0: Fly out, F7 (Flyball, 7D)
Bottom of the 5th over - 0 run(s), 0 hit(s), 0 error(s), 1 left on base; Hialeah 0 - Scranton 4
TOP OF THE 6TH
Hialeah Dodos batting - Pitching for Scranton Supernovas : LHP Raúl Melro
Batting: RHB Armando García 0-0: Ball
1-0: Ball
2-0: Called Strike
2-1: Ball
3-1: Base on Balls
Batting: LHB Dong-hee Chon 0-0: Fly out, F9 (Line Drive, 9S)
Batting: LHB Álex Burgos 0-0: Swinging Strike
0-1: DOUBLE (Line Drive, 7LM)
Armando García to third
Runner from 3rd tries for Home, SAFE, no throw
Batting: SHB Javier Gonzáles 0-0: Foul Ball, location: 2F
0-1: Foul Ball, location: 2F
0-2: Ground out 4-3 (Groundball, 34)
Álex Burgos to third
Pitching: RHP Ramiro Germán
Batting: LHB Errol Levick 0-0: Swinging Strike
0-1: Ball
1-1: Ball
2-1: Foul Ball, location: 2F
2-2: Foul Ball, location: 2F
2-2: Fly out, F8 (Flyball, 8RM)
Top of the 6th over - 1 run(s), 1 hit(s), 0 error(s), 1 left on base; Hialeah 1 - Scranton 4
BOTTOM OF THE 6TH
Scranton Supernovas batting - Pitching for Hialeah Dodos : RHP Cisco Ortíz
Batting: RHB Pedro Rivera 0-0: Ball
1-0: Fly out, F8 (Flyball, 8LM)
Batting: SHB Alonso Solís 0-0: SINGLE (Line Drive, 56)
Batting: LHB Phillip Tinker 0-0: Called Strike
0-1: Called Strike
0-2: Ball
1-2: Ball
2-2: Strikes out swinging
Batting: RHB Xavier Águila 0-0: Ball
1-0: Ball
2-0: Fielders Choice at 2nd, 6-4 (Groundball, 56)
Bottom of the 6th over - 0 run(s), 1 hit(s), 0 error(s), 0 left on base; Hialeah 1 - Scranton 4
TOP OF THE 7TH
Hialeah Dodos batting - Pitching for Scranton Supernovas : RHP Ramiro Germán
Batting: SHB Luis Manuel Flores 0-0: Ball
1-0: Called Strike
1-1: Foul Ball, location: 2F
1-2: Ground out 4-3 (Groundball, 34)
Batting: RHB Wilson Pérez 0-0: Called Strike
0-1: Ball
1-1: Ground out 5-3 (Groundball, 5S)
Batting: RHB Daniel Ruíz 0-0: Foul Ball, location: 2F
0-1: Ball
1-1: Ball
2-1: Swinging Strike
2-2: Foul Ball, location: 2F
2-2: Strikes out swinging
Top of the 7th over - 0 run(s), 0 hit(s), 0 error(s), 0 left on base; Hialeah 1 - Scranton 4
BOTTOM OF THE 7TH
Scranton Supernovas batting - Pitching for Hialeah Dodos : RHP Cisco Ortíz
Batting: LHB José Cordero 0-0: Swinging Strike
0-1: Ground out U3 (Groundball, 34)
Batting: RHB Keith MacKey 0-0: Ball
1-0: Swinging Strike
1-1: Fly out, F2 (Popup, 15S)
Batting: LHB Francisco Ortega 0-0: Foul Ball, location: 2F
0-1: Fly out, F1 (Line Drive, 13)
Bottom of the 7th over - 0 run(s), 0 hit(s), 0 error(s), 0 left on base; Hialeah 1 - Scranton 4
TOP OF THE 8TH
Hialeah Dodos batting - Pitching for Scranton Supernovas : RHP Ramiro Germán
Batting: RHB Jorge Salgado 0-0: Ball
1-0: Foul Ball, location: 2F
1-1: Called Strike
1-2: Ball
2-2: Foul Ball, location: 2F
2-2: Foul Ball, location: 2F
2-2: Ball
3-2: Base on Balls
Pitching: RHP Ken Frost
Batting: RHB Armando García 0-0: Called Strike
0-1: Ball
1-1: Foul Ball, location: 2F
1-2: SINGLE (Line Drive, 7LS)
Jorge Salgado to second
Batting: LHB Dong-hee Chon 0-0: Foul Ball, location: 2F
0-1: Swinging Strike
0-2: Ball
1-2: Ball
Wild Pitch!
Jorge Salgado to third
Armando García to second
2-2: Ball
3-2: Foul Ball, location: 2F
3-2: Foul Ball, location: 2F
3-2: SINGLE (Groundball, 4MD)
Jorge Salgado scores
Armando García to third
Runner from 3rd tries for Home, throw and OUT!
Now in CF: Jim Unknown
Batting: LHB Álex Burgos 0-0: Swinging Strike
0-1: Ball
1-1: Foul Ball, location: 2F
1-2: Ball
2-2: Foul Ball, location: 2F
2-2: Foul Ball, location: 2F
2-2: Foul Ball, location: 2F
2-2: Strikes out swinging
Batting: SHB Javier Gonzáles 0-0: Fielders Choice at 2nd, 6-4 (Groundball, 6)
Top of the 8th over - 1 run(s), 2 hit(s), 0 error(s), 0 left on base; Hialeah 2 - Scranton 4
BOTTOM OF THE 8TH
Scranton Supernovas batting - Pitching for Hialeah Dodos : RHP Cisco Ortíz
Batting: RHB John Schnatter 0-0: Called Strike
0-1: Ball
1-1: SINGLE (Flyball, 89S)
Batting: RHB Nobuhiko Nakayama 0-0: Ball
1-0: Ball
2-0: Called Strike
2-1: Foul Ball, location: 2F
2-2: Fly out, F8 (Flyball, 8RS)
Batting: RHB Pedro Rivera 0-0: Called Strike
0-1: DOUBLE (Flyball, 89M)
John Schnatter to third
Runner from 3rd tries for Home, SAFE, throw made home
Batting: SHB Alonso Solís 0-0: Called Strike
0-1: Ground out 4-3 (Groundball, 4)
Pedro Rivera to third
Pitching: LHP Travis Grant
Batting: LHB Phillip Tinker 0-0: Foul Ball, location: 2F
0-1: Ball
1-1: Foul Ball, location: 2F
1-2: Strikes out looking
Bottom of the 8th over - 1 run(s), 2 hit(s), 0 error(s), 1 left on base; Hialeah 2 - Scranton 5
TOP OF THE 9TH
Hialeah Dodos batting - Pitching for Scranton Supernovas : RHP Ken Frost
Pitching: LHP Pedro Garza
Batting: LHB Errol Levick 0-0: Ball
1-0: Ball
2-0: Swinging Strike
2-1: Fly out, F7 (Flyball, 78S)
Batting: SHB Luis Manuel Flores 0-0: Ball
1-0: Called Strike
1-1: SINGLE (Line Drive, 13S)
Batting: RHB Wilson Pérez 0-0: Swinging Strike
0-1: Swinging Strike
0-2: Foul Ball, location: 2F
0-2: Foul Ball, location: 2F
0-2: Ball
1-2: Foul Ball, location: 2F
1-2: Ball
2-2: Foul Ball, location: 2F
2-2: Strikes out swinging
Batting: RHB Daniel Ruíz 0-0: Called Strike
0-1: Ball
1-1: SINGLE (Line Drive, 6D)
Luis Manuel Flores to second
Pinch Hitting: RHB Lorenzo Ramírez 0-0: Foul Ball, location: 2F
0-1: Ball
1-1: Ball
2-1: Swinging Strike
2-2: Strikes out swinging
Top of the 9th over - 0 run(s), 2 hit(s), 0 error(s), 2 left on base; Hialeah 2 - Scranton 5
Monday, March 20th, 2017 - OOTP Baseball 17.12 Build 75